 Dungeon Crawl Stone Soup version 0.28-a0-114-g2bf3c13a2f (webtiles) character file.

Game seed: 1114915438678648226

25057 lunkers the Thaumaturge (level 13, -2/100 HPs)
             Began as a Djinni Earth Elementalist on Aug 12, 2021.
             Was an Initiate of Gozag.
             Slain by a boulder beetle (43 damage)
             ... on level 2 of the Lair of Beasts.
             The game lasted 00:19:06 (19808 turns).

lunkers the Thaumaturge (DjEE)                     Turns: 19808, Time: 00:19:07

Health: -2/100     AC: 10    Str:  7    XL:     13   Next: 47%
Gold:   892        EV: 19    Int: 21    God:    Gozag SH: 15 Dex: 15

rFire   + + +      SeeInvis .   C - +7 flail "Qorruin" {vorpal, rC+}
rCold   + + .      Faith    .   A - +1 kite shield {AC+3}
rNeg    + . .      Spirit   .   O - +2 robe {rC+}
rPois   ∞          Reflect  +   f - -2 hat of the Alchemist {rElec rPois rF+ rC+ rN+ Will+ rMut rCorr}
rElec   +          Harm     .   r - +2 cloak
rCorr   +          Rampage  .   o - +1 pair of gloves
rMut    +                       (boots unavailable)
Will    ++...                   x - amulet of reflection
Stlth   ++........              I - +4 ring of evasion
HPRegen 0.26/turn               F - +4 ring of evasion
MPRegen 0.00/turn

@: flying
A: sickness immunity, fire resistance 2, cold vulnerability 1, float, innate
caster, hp casting, extra vitality 1
a: Renounce Religion, Potion Petition, Call Merchant, Bribe Branch


You were on level 2 of the Lair of Beasts.
You worshipped Gozag.
Gozag was pleased with you.
You visited 3 branches of the dungeon, and saw 15 of its levels.

You collected 2572 gold pieces.
You spent 1629 gold pieces at shops.
You paid 51 gold pieces to Gozag.

Inventory:

Hand Weapons
 q - a +2 trident of flaming
 C - the +7 flail "Qorruin" (weapon) {vorpal, rC+}
   (You found it on level 6 of the Dungeon)

   It inflicts extra damage upon your enemies.
   rC:        It protects you from cold.
 K - a +5 scimitar of flaming
Missiles
 c - 352 stones
Armour
 f - the -2 hat of the Alchemist (worn) {rElec rPois rF+ rC+ rN+ Will+ rMut rCorr}
   (You bought it in a shop on level 11 of the Dungeon)

   rF:        It protects you from fire.
   rC:        It protects you from cold.
   rElec:     It insulates you from electricity.
   rPois:     It protects you from poison.
   rN:        It protects you from negative energy.
   rCorr:     It protects you from acid and corrosion.
   rMut:      It protects you from mutation.
   Will:      It increases your willpower.
 o - a +1 pair of gloves (worn)
 r - a +2 cloak (worn)
 A - a +1 kite shield of protection (worn)
 O - a +2 robe of cold resistance (worn)
Magical Staves
 D - a staff of fire
Jewellery
 b - a ring of see invisible
 x - an amulet of reflection (around neck)
 F - a +4 ring of evasion (right hand)
 I - a +4 ring of evasion (left hand)
 N - a ring of protection from cold
Wands
 n - a wand of digging (6)
 s - a wand of flame (26)
 z - a wand of paralysis (19)
 E - a wand of iceblast (21)
Scrolls
 k - a scroll of fog
 l - 2 scrolls of teleportation
 m - 2 scrolls of enchant weapon
 t - 2 scrolls of blinking
 u - a scroll of enchant armour
 H - 5 scrolls of identify
Potions
 a - 5 potions of attraction
 i - 5 potions of curing
 j - 2 potions of lignification
 p - 4 potions of heal wounds
 v - 2 potions of brilliance
 w - 2 potions of mutation
 B - 3 potions of magic {unknown}
 J - a potion of cancellation {unknown}
 L - a potion of invisibility {unknown}
 M - 3 potions of might {unknown}


   Skills:
 + Level 11.8 Fighting
 - Level 2.1 Dodging
 - Level 1.5 Stealth
 + Level 7.1 Shields
 * Level 13.0 Spellcasting


You had 10 spell levels left.
You knew the following spells:

 Your Spells              Type           Power      Damage    Failure   Level
a - Stone Arrow           Conj/Erth      100%       3d13      1%          3
b - Passwall              Tmut/Erth      51%        N/A       1%          2
c - Sandblast             Erth           100%       2d20      1%          1
d - Petrify               Tmut/Erth      62%        N/A       1%          4
e - Summon Small Mammal   Summ           100%       N/A       1%          1
f - Searing Ray           Conj           100%       3d7       1%          2
g - Swiftness             Air            62%        N/A       1%          3
h - Confusing Touch       Hex            62%        N/A       1%          3
i - Cause Fear            Hex            31%        N/A       1%          4
j - Freezing Cloud        Conj/Ice/Air   31%        6-21      1%          5
Your spell library was empty.

Dungeon Overview and Level Annotations

Branches:
Dungeon (11/15)            Temple (1/1) D:4            Lair (3/6) D:10
  Snake (0/4) Lair:2
  Swamp: Lair:2-4    Shoals: Lair:2-4       Orc: D:9-12

Altars:
Ashenzari
Cheibriados
Dithmenos
Elyvilon
Fedhas
Gozag
Hepliaklqana
Kikubaaqudgha
Makhleb
Nemelex Xobeh
Okawaru
Qazlal
Ru
Sif Muna
Trog
Uskayaw
Vehumet
Wu Jian
Xom
Yredelemnul
Zin
The Shining One

Shops:
D:3 =!   D:7 (*   D:8 ![?   D:11 [


Innate Abilities, Weirdness & Mutations

You are immune to sickness and miasma.
You are immune to poison.
Your flesh is very heat resistant. (rF++)
You are vulnerable to cold. (rC-)
You float through the air rather than walking.
You learn spells naturally, not from books.
Your magical power is your life essence.
You have superior vitality. (+4 HP)


Message History

Confirm with . or Enter, or press ? or * to list all spells.
You can't see any susceptible monsters within range! (Use Z to cast anyway.) Unknown command.
Unknown command.
The boulder beetle leaps!
Casting: Stone Arrow (safe; 1% risk of failure)
Confirm with . or Enter, or press ? or * to list all spells.
You can't see any susceptible monsters within range! (Use Z to cast anyway.) Unknown command.
Unknown command.
Unknown command.
The boulder beetle curls into a ball and begins rolling!
Casting: Stone Arrow (safe; 1% risk of failure)
Confirm with . or Enter, or press ? or * to list all spells.
You can't see any susceptible monsters within range! (Use Z to cast anyway.) Unknown command.
Unknown command.
Unknown command.
Casting: Stone Arrow (safe; 1% risk of failure)
Confirm with . or Enter, or press ? or * to list all spells.
Aiming: Stone Arrow (safe; 1% risk of failure)
Press: ? - help, Shift-Dir - straight line, f/p - boulder beetle
Aim: a boulder beetle (severely wounded, rolling, 100% to hit)
The stone arrow hits the boulder beetle!
The boulder beetle is almost dead.
* * * LOW HITPOINT WARNING * * *
Unknown command.
Unknown command.
Unknown command.
Casting: Stone Arrow (safe; 1% risk of failure)
Confirm with . or Enter, or press ? or * to list all spells.
Aiming: Stone Arrow (safe; 1% risk of failure)
Press: ? - help, Shift-Dir - straight line, f/p - boulder beetle
Aim: a boulder beetle (almost dead, rolling, 100% to hit)
The stone arrow hits the boulder beetle but does no damage.
The boulder beetle is almost dead.
* * * LOW HITPOINT WARNING * * *
The boulder beetle hits you!!!
You die...
Your body crumbles into a pile of gold.

### #### ################ ### ##
.P###..####..##...##.##.P###.###.
..!.............................#
............°......>............P
.............°○B@...............P
................................#
.#.###.###.##########.#####.....#
.### ### ### ### #P....# .#
##....# .### ### ###
##########....#
..P####.#######.###P..##P##.....#
................................#
.................................


You could see a boulder beetle (rolling).

Vanquished Creatures
  Fannar (Lair:1)
  A boulder beetle (D:11)
  2 hydras
  A centaur warrior (D:9)
  2 two-headed ogres
  Urug (D:10)
  Nergalle (D:10)
  An orc knight (D:9)
  Pikel (D:7)
  A manticore (D:11)
  2 black mambas (Lair:2)
  8 cane toads
  An unseen horror (D:11)
  5 komodo dragons
  A rime drake (Lair:1)
  An efreet (D:9)
  2 trolls (D:9)
  A meliai (D:9)
  A blink frog (Lair:3)
  A shadow (D:11)
  19 yaks
  4 wyverns
  A wraith (D:9)
  Grum (D:10)
  3 basilisks
  5 nagas (Lair:2)
  10 water moccasins
  An ice beast (shapeshifter) (D:10)
  2 sky beasts
  5 orc warriors
  A hornet zombie (D:8)
  A black bear (D:6)
  9 wolves
  2 ogres
  5 necrophages
  5 centaurs
  2 lemures (D:7)
  5 kobold brigands
  9 bullfrogs
  3 scorpions
  A water moccasin skeleton (D:5)
  A wyvern skeleton (D:7)
  4 killer bees
  2 wights (D:9)
  2 howler monkeys
  10 centaur zombies
  4 jellies
  2 orc priests
  A gnoll shaman (D:5)
  A hound (D:4)
  Natasha (thrice) (D:2)
  3 iguanas
  13 orc wizards
  A howler monkey zombie (D:9)
  6 adders
  12 gnolls
  2 shadow imps
  2 ufetubi
  An adder skeleton (D:4)
  4 worms
  3 dart slugs
  28 orcs
  10 ball pythons
  5 endoplasms
  3 giant cockroaches
  6 goblins
  7 hobgoblins
  2 jackals (D:1)
  20 kobolds
  3 quokkas
  10 bats
  3 frilled lizards
  A quokka skeleton (D:4)
  22 rats
326 creatures vanquished.

Vanquished Creatures (others)
  A centaur warrior (D:9)
  A centaur simulacrum (D:9)
  7 fungi
  15 plants
24 creatures vanquished.

Grand Total: 350 creatures vanquished

Notes
Turn   | Place    | Note
-------+----------+-------------------------------------------
     0 | D:1      | lunkers the Djinni Earth Elementalist began the quest for
                  | the Orb.
     0 | D:1      | Reached XP level 1. HP: 15/15 MP: 0/0
   194 | D:1      | Reached XP level 2. HP: 19/22 MP: 0/0
   337 | D:1      | Reached skill level 1 in Fighting
   552 | D:1      | Reached XP level 3. HP: 26/27 MP: 0/0
   552 | D:1      | Learned a level 1 spell: Summon Small Mammal
   574 | D:1      | Reached skill level 3 in Spellcasting
  1197 | D:2      | Found a faded altar of an unknown god.
  1419 | D:2      | Noticed Natasha
  1429 | D:2      | Killed Natasha
  1430 | D:2      | Reached XP level 4. HP: 12/33 MP: 0/0
  1796 | D:2      | Noticed Natasha
  1803 | D:2      | Killed Natasha
  1804 | D:2      | Reached XP level 5. HP: 4/38 MP: 0/0
  1804 | D:2      | Learned a level 2 spell: Searing Ray
  2380 | D:2      | Noticed Natasha
  2800 | D:2      | Killed Natasha
  2801 | D:2      | Reached skill level 4 in Spellcasting
  3252 | D:3      | Found Ynengie's Distillery.
  3260 | D:3      | Found Xamyxeg's Jewellery Shoppe.
  3345 | D:3      | Reached XP level 6. HP: 30/45 MP: 0/0
  3622 | D:3      | Found a sparkling altar of Nemelex Xobeh.
  4965 | D:4      | Noticed a necrophage
  4991 | D:4      | Killed a necrophage
  4992 | D:4      | Reached XP level 7. HP: 7/50 MP: 0/0
  4992 | D:4      | Learned a level 3 spell: Swiftness
  5314 | D:4      | Reached skill level 5 in Spellcasting
  5631 | D:4      | Found a burning altar of Makhleb.
  5638 | D:4      | Found a basalt altar of Yredelemnul.
  5642 | D:4      | Found a sacrificial altar of Ru.
  5644 | D:4      | Found a shadowy altar of Dithmenos.
  5644 | D:4      | Found a white marble altar of Elyvilon.
  5645 | D:4      | Found a stormy altar of Qazlal.
  5648 | D:4      | Found a glowing silver altar of Zin.
  5809 | D:4      | Found a staircase to the Ecumenical Temple.
  5912 | Temple   | Entered the Ecumenical Temple
  6168 | Temple   | Became a worshipper of Gozag Ym Sagoz the Greedy
  6222 | D:5      | Entered Level 5 of the Dungeon
  6668 | D:5      | Reached XP level 8. HP: 52/58 MP: 0/0
  6825 | D:5      | Reached skill level 6 in Spellcasting
  7037 | D:5      | Reached skill level 5 in Fighting
  8637 | D:6      | Reached skill level 7 in Spellcasting
  8637 | D:6      | Reached XP level 9. HP: 39/66 MP: 0/0
  8637 | D:6      | Learned a level 3 spell: Confusing Touch
  9249 | D:6      | Identified the +7 flail "Qorruin" {vorpal, rC+}
  9404 | D:7      | Reached skill level 8 in Spellcasting
  9544 | D:7      | Found Bocwam's Antique Weapon Shoppe.
  9644 | D:7      | Found Udaddokh's General Store.
  9652 | D:7      | Bought a +0 buckler of poison resistance for 110 gold
                  | pieces
  9780 | D:7      | Noticed Pikel
  9875 | D:7      | Killed Pikel
  9876 | D:7      | Reached skill level 1 in Shields
  9957 | D:7      | Reached XP level 10. HP: 66/75 MP: 0/0
 10305 | D:7      | Bought a crystal dagger for 147 gold pieces
 10305 | D:7      | Identified the +3 dagger of the Maze {vamp, Will- Int+5}
                  | (You bought it in a shop on level 7 of the Dungeon)
 10347 | D:8      | Found Utoagg's Distillery.
 10816 | D:8      | Found a snail-covered altar of Cheibriados.
 10916 | D:8      | Reached skill level 9 in Spellcasting
 11077 | D:8      | Noticed a two-headed ogre
 11081 | D:8      | Killed a two-headed ogre
 11153 | D:8      | Found Niwejeff's Armour Boutique.
 11216 | D:8      | Found Cuade's Magic Scroll Emporium.
 12114 | D:9      | Killed a centaur warrior
 12124 | D:9      | Reached XP level 11. HP: 49/82 MP: 0/0
 12124 | D:9      | Learned a level 4 spell: Cause Fear
 12409 | D:9      | Reached skill level 10 in Spellcasting
 12454 | D:9      | Noticed a centaur warrior
 12462 | D:9      | Killed a centaur warrior
 12899 | D:9      | Found a broken altar of Ashenzari.
 13436 | D:9      | Noticed an orc knight
 13442 | D:9      | Killed an orc knight
 13964 | D:10     | Entered Level 10 of the Dungeon
 14027 | D:10     | Noticed a two-headed ogre
 14032 | D:10     | Killed a two-headed ogre
 14093 | D:10     | Reached skill level 11 in Spellcasting
 14110 | D:10     | Noticed Grum
 14114 | D:10     | Reached skill level 10 in Fighting
 14118 | D:10     | Killed Grum
 14346 | D:10     | Noticed Nergalle
 14350 | D:10     | Killed Nergalle
 14606 | D:10     | Reached XP level 12. HP: 71/91 MP: 0/0
 15026 | D:10     | Found a staircase to the Lair.
 15036 | D:10     | Noticed Urug
 15042 | D:10     | Killed Urug
 15373 | D:11     | Found Fep Ipnah's Antique Armour Boutique.
 15374 | D:11     | Noticed a boulder beetle
 15390 | D:11     | Killed a boulder beetle
 15392 | D:11     | Bought the -2 hat of the Alchemist {rElec rPois rF+ rC+ rN+
                  | Will+ rMut rCorr} for 1085 gold pieces
 15392 | D:11     | Found the -2 hat of the Alchemist {rElec rPois rF+ rC+ rN+
                  | Will+ rMut rCorr}
 15392 | D:11     | Bought a runed kite shield for 172 gold pieces
 16328 | D:11     | Bought a runed leather armour for 115 gold pieces
 16385 | Lair:1   | Entered Level 1 of the Lair of Beasts
 16419 | Lair:1   | Reached skill level 12 in Spellcasting
 16423 | Lair:1   | Reached skill level 5 in Shields
 16860 | Lair:1   | Noticed Fannar
 17066 | Lair:1   | Killed Fannar
 17718 | Lair:1   | Noticed a five-headed hydra
 17724 | Lair:1   | Killed a five-headed hydra
 17725 | Lair:1   | Reached XP level 13. HP: 76/99 MP: 0/0
 17725 | Lair:1   | Learned a level 5 spell: Freezing Cloud
 18194 | Lair:2   | Noticed a seven-headed hydra
 18203 | Lair:2   | Killed a seven-headed hydra
 18452 | Lair:2   | Found a staircase to the Snake Pit.
 19344 | Lair:2   | Reached skill level 13 in Spellcasting
 19790 | Lair:3   | Noticed a boulder beetle
 19808 | Lair:2   | Slain by a boulder beetle

Illustrated notes

Levels and vault maps discovered:
D:1:      shiori_arrival_maze, layout_loops_ring, minmay_tetromino_o2
D:2:      layout_loops_ring, dreamdust_ecumenical_altar_statues,
          amcnicky_mini_corridor_feature, uniq_natasha
D:3:      layout_basic, grunt_temple_overflow_magic_moments,
          mainiacjoe_overflow_boulevard, serial_shops, shop, shop
D:4:      layout_rooms, minitemple, minmay_temple_entry_statues_pillars,
          grunt_ministairs_10, minmay_rat_hole
D:5:      layout_cave_pods
D:6:      layout_basic, minmay_increasing_density
D:7:      layout_loops_ring, serial_shops, nicolae_shop_trees,
          nicolae_stop_n_shop_2, uniq_pikel
D:8:      layout_layer_cave, marbit_many_paths, serial_shops, shop, shop, shop
D:9:      minmay_the_grid_plus [minmay_the_grid_garden, minmay_the_grid_mess,
          minmay_the_grid_tiny_cups, minmay_the_grid_armoury,
          minmay_the_grid_prize_inner_circle], layout_basic, lemuel_tele_altar
D:10:     layout_loops_cross, lair_entry_dummy, minmay_chambers_of_fives,
          uniq_urug, uniq_grum, uniq_nergalle
D:11:     layout_basic, serial_shops, shop
Temple:   compressed_dpeg_triangle_lava_temple
Lair:1:   layout_loops_ring, serial_bayou_shore_a, grunt_megastairs_5,
          serial_bayou_shore_b, uniq_fannar
Lair:2:   layout_long_grid, minmay_snake_entry_guardpost_medium,
          grunt_megastairs_4
Lair:3:   minmay_lair_oklob_tunnel, layout_cave_pods, minmay_shoals_entry_hut,
          gammafunk_ghost_hive, minmay_shattered_shrine

Skill      XL: |  1  2  3  4  5  6  7  8  9 10 11 12 13 |
---------------+----------------------------------------+-----
Fighting       | 1 2 3 4 5 7 8 10 11 | 11.8
Spellcasting   | 3 4 5 7 8 9 11 12 13 | 13.0
Shields        | 1 4 5 7 |  7.1
Dodging        | |  2.1
Stealth        | |  1.5

Action                   |  1- 3 |  4- 6 |  7- 9 | 10-12 | 13-15 || total
-------------------------+-------+-------+-------+-------+-------++-------
Melee: Whip              |    46 |    60 |       |       |       ||   106
       Flail             |       |       |       |     4 |       ||     4
 Cast: Sandblast         |    31 |     2 |     2 |     1 |       ||    36
       Stone Arrow       |       |    67 |   109 |   310 |    88 ||   574
  Use: Potion            |       |       |     2 |       |       ||     2
       Scroll            |       |       |     4 |    12 |       ||    16
 Stab: Sleeping          |     2 |       |       |       |       ||     2
Armor: Robe              |    17 |    24 |     7 |    20 |     1 ||    69
       Leather armour    |       |       |       |    16 |       ||    16
Dodge: Dodged            |    41 |    48 |    14 |    54 |    13 ||   170
Block: Other             |       |       |     3 |       |       ||     3
       Reflection        |       |       |     2 |     7 |       ||     9
       Buckler           |       |       |       |    23 |       ||    23
       Kite shield       |       |       |       |    40 |    12 ||    52

Table legend: (Time is in decaauts)
 A = Elapsed time spent in this place.
 B = Non-inter-level travel time spent in this place.
 C = Inter-level travel time spent in this place.
 D = Time resting spent in this place.
 E = Time spent auto-exploring this place.
 F = Levels seen in this place.
 G = Mean time per level.
                   A        B        C        D        E       F      G
               +--------+--------+--------+--------+--------+-----+--------+
         Total |  19836 |  19319 |    517 |   2668 |  14614 |  15 | 1322.4 |
       Dungeon |  16737 |  16302 |    435 |   2668 |  11947 |  11 | 1521.5 |
        Temple |    274 |    237 |     37 |      0 |    236 |   1 |  274.0 |
          Lair |   2824 |   2779 |     45 |      0 |   2431 |   3 |  941.3 |
               +--------+--------+--------+--------+--------+-----+--------+

Top non-repeatable levels by time:
    D:10: 2018 daAuts
     D:9: 1901 daAuts
     D:2: 1776 daAuts
     D:8: 1716 daAuts
     D:4: 1607 daAuts
  Lair:2: 1605 daAuts
     D:6: 1488 daAuts
     D:3: 1411 daAuts
     D:5: 1386 daAuts
     D:1: 1377 daAuts
  Lair:1: 1210 daAuts
     D:7: 1050 daAuts
    D:11: 1003 daAuts
  Temple: 274 daAuts
  Lair:3: 8 daAuts
